 Dungeon Crawl Stone Soup version 0.23-a0-169-gb21e695 (webtiles) character file.

88 nikopol the Firebug (level 4, -3/24 HPs)
             Began as a Deep Elf Fire Elementalist on Sept 11, 2018.
             Killed by divine providence
             ... invoked by an orc priest
              (15 damage)
             ... on level 3 of the Dungeon.
             The game lasted 00:03:44 (1820 turns).

nikopol the Firebug (Deep Elf Fire Elementalist)    Turns: 1820, Time: 00:03:44

Health: -3/24      AC:  2    Str:  5    XL:     4   Next: 29%
Magic:  11/12      EV: 12    Int: 21    God:
Gold:   86         SH:  3    Dex: 15    Spells: 10/11 levels left

rFire    . . .     SeeInvis .   (no weapon)
rCold    . . .     Gourm    .   j - +0 buckler
rNeg     . . .     Faith    .   a - +0 robe
rPois    .         Spirit   .   (no helmet)
rElec    .         Reflect  .   (no cloak)
rCorr    .         Harm     .   (no gloves)
MR       .....                  (no boots)
Stlth    ++........             (no amulet)
HPRegen  0.08/turn              (no ring)
MPRegen  0.13/turn              (no ring)

@: no status effects
A: no striking features
a: no special abilities


You were on level 3 of the Dungeon.
You were not hungry.

You visited 1 branch of the dungeon, and saw 3 of its levels.

You collected 86 gold pieces.

Inventory:

Armour
 a - a +0 robe (worn)
 j - a +0 buckler (worn)
Scrolls
 b - a scroll of immolation {unknown}
 d - a scroll of fog {unknown}
 f - a scroll of amnesia {unknown}
 g - 5 scrolls of identify {unknown}
 h - a scroll of enchant weapon {unknown}
 i - a scroll of remove curse {unknown}
 k - a scroll of teleportation {unknown}
Potions
 e - 2 potions of ambrosia {unknown}
 m - a potion of degeneration {unknown}
Comestibles
 c - 2 rations
 l - 6 chunks of flesh


   Skills:
 + Level 2.7 Dodging
 + Level 3.0 Stealth
 * Level 0.3 Shields
 + Level 4.0 Spellcasting
 + Level 2.1 Conjurations
 + Level 4.2 Fire Magic


You had 10 spell levels left.
You knew the following spells:

 Your Spells              Type           Power        Failure   Level  Hunger
a - Flame Tongue          Conj/Fire      ###..        5%          1    None

Your spell library contained the following spells:

 Spells                   Type           Power        Failure   Level  Hunger
 Throw Flame              Conj/Fire      ###...       8%          2    #......
 Conjure Flame            Conj/Fire      ###.....     16%         3    ###....
 Inner Flame              Hex/Fire       ##......     24%         3    ###....
 Sticky Flame             Conj/Fire      ###.....     45%         4    ####...
 Fireball                 Conj/Fire      ###.......   82%         5    ######.


Dungeon Overview and Level Annotations

Branches:
Dungeon (3/15)

Altars:
Hepliaklqana
Trog


Message History

Unknown command.
Casting: Flame Tongue (safe; 5% risk of failure)
Confirm with . or Enter, or press ? or * to list all spells.
You don't know that spell.
You are too injured to fight recklessly!
The orc shouts!
Things that are here:
a club; a leather armour
Casting: Flame Tongue (safe; 5% risk of failure)
Confirm with . or Enter, or press ? or * to list all spells.
Aiming: Flame Tongue (safe; 5% risk of failure)
Press: ? - help, Shift-Dir - straight line, f - orc priest
Aim: an orc priest, wielding a flail and wearing a ring mail The flame tongue hits the orc priest.
The orc priest is moderately wounded.
An orc comes into view. It is wielding a flail.
The orc priest calls down the wrath of Beogh upon you.
Beogh smites you!
Ouch! That really hurt!
You die...

..##.####.# .♣
o.........## ..#
#.o..##....####..##
#...S.........#o..#
#.....#..........#
#....).†.....o#
#.#..##.##o..#######
....%........†.....#
...#####@##.#.####.#
#)##.#.####.######
#.##.....##.......
..#####.####.#.##.......
........####............
..............#)........
.(......#####.#.#..†....
..#####.# #.#<#....... .
#.# #.#.#.......


You could see an orc priest, 2 orcs and a ball python.

Vanquished Creatures
  An orc wizard (D:3)
  An adder (D:2)
  An ooze (D:1)
  A leopard gecko (D:3)
  An orc (D:3)
  2 ball pythons
  10 goblins
  3 hobgoblins
  4 jackals (D:1)
  2 kobolds (D:1)
  A quokka (D:2)
  5 bats
  3 frilled lizards
  8 rats
43 creatures vanquished.

Notes
Turn   | Place    | Note
-------+----------+-------------------------------------------
     0 | D:1      | nikopol the Deep Elf Fire Elementalist began the quest for
                  | the Orb.
     0 | D:1      | Reached XP level 1. HP: 10/10 MP: 6/6
   171 | D:1      | Reached XP level 2. HP: 15/15 MP: 5/8
   666 | D:1      | Reached XP level 3. HP: 19/19 MP: 7/10
  1368 | D:2      | Found a bloodstained altar of Trog.
  1368 | D:2      | Found a hazy altar of Hepliaklqana.
  1724 | D:3      | Reached XP level 4. HP: 24/24 MP: 0/12
  1820 | D:3      | Killed from afar by an orc priest

Vault maps used:
D:1:      dpeg_arrival_ternary
D:2:      gammafunk_temple_overflow_elements
D:3:      kiku_gazebo_pond_becter, okawaru_metal_pillars_1_2,
          hellmonk_ghost_happy_afterlife, first_ration, serial_park_tiny_2,
          uniq_crazy_yiuf_cottage

Skill      XL: |  1  2  3 |
---------------+----------+-----
Fire Magic     | 4 |  4.2
Stealth        | 3 |  3.0
Spellcasting   | 4 |  4.0
Conjurations   | 2 |  2.1
Dodging        | |  2.7
Shields        | |  0.3

Action                   |  1- 3 |  4- 6 || total
-------------------------+-------+-------++-------
 Cast: Flame Tongue      |    72 |     2 ||    74
  Eat: Ration            |     1 |       ||     1
Armor: Robe              |     5 |       ||     5
Dodge: Dodged            |    19 |       ||    19
Block: Buckler           |     2 |       ||     2

Table legend:
 A = Non-vault XP
 B = Vault XP
 C = Vault XP percentage of total XP
 D = Non-vault monster count
 E = Vault monster count
 F = Vault count percentage of total count
                 A         B        C        D         E       F
            +---------+---------+-------+---------+---------+-------
      Total |     126 |       0 |   0.0 |      43 |       0 |   0.0
            +---------+---------+-------+---------+---------+-------
        D:1 |      42 |       0 |   0.0 |      22 |       0 |   0.0
        D:2 |      31 |       0 |   0.0 |      13 |       0 |   0.0
        D:3 |      53 |       0 |   0.0 |       8 |       0 |   0.0
            +---------+---------+-------+---------+---------+-------
